 Dungeon Crawl Stone Soup version 0.30.1-1-g62c8e00024 (webtiles) character file.

Game seed: 2010417449910771283

85 Pepete the Magician (level 4, 0/24 HPs)
             Began as a Deep Elf Air Elementalist on July 14, 2023.
             Slain by a gnoll
             ... wielding a +0 whip
              (4 damage)
             ... on level 3 of the Dungeon.
             The game lasted 00:02:26 (4266 turns).

Pepete the Magician (Deep Elf Air Elementalist)     Turns: 4266, Time: 00:02:27

Health: 0/24       AC:  3    Str:  5    XL:     4   Next: 25%
Magic:  5/13       EV: 12    Int: 22    God:
Gold:   169        SH:  0    Dex: 15    Spells: 12/13 levels left

rFire   . . .        (no weapon)
rCold   . . .        (no shield)
rNeg    . . .        a - +0 robe
rPois   .            (no helmet)
rElec   .            (no cloak)
rCorr   .            (no gloves)
SInv    .            d - +0 pair of boots
Will    .....        (no amulet)
Stlth   ++           (no ring)
HPRegen 0.24/turn    (no ring)
MPRegen 0.13/turn

%: no passive effects
@: no status effects
A: no striking features
a: no special abilities


You were on level 3 of the Dungeon.
You visited 1 branch of the dungeon, and saw 3 of its levels.

You collected 169 gold pieces.

Inventory:

Armour
 a - a +0 robe (worn)
 d - a +0 pair of boots (worn)
Jewellery
 k - a ring of poison resistance
Scrolls
 c - a scroll of silence {unknown}
 g - 5 scrolls of identify {unknown}
 h - 3 scrolls of fog {unknown}
 i - a scroll of poison {unknown}
 j - 2 scrolls of amnesia {unknown}
 m - a scroll of teleportation {unknown}
Potions
 b - a potion of magic


   Skills:
 - Level 2.4 Dodging
 - Level 2.4 Stealth
 + Level 5.2 Spellcasting
 - Level 2.1 Conjurations
 - Level 3.4 Air Magic


You had 12 spell levels left.
You knew the following spells:

 Your Spells              Type           Power      Damage    Failure   Level
a - Shock                 Conj/Air       72%        1d7       3%          1

Your spell library contained the following spells:

 Spells                   Type           Power      Damage    Failure   Level
 Static Discharge         Conj/Air       36%        2-4/arc   4%          2
 Swiftness                Air            21%        N/A       7%          3
 Airstrike                Air            10%        2d(2-18)  24%         4


Dungeon Overview and Level Annotations

Branches:
Dungeon (3/15)

Altars:


Message History

A gnoll comes into view. It is wielding a +0 whip.
The zap hits the orc wizard.
The orc wizard is moderately wounded.
The zap misses the orc wizard.
The zap hits the orc wizard.
The orc wizard is severely wounded.
The orc wizard closely misses you.
The zap misses the orc wizard.
The orc wizard casts a spell at you. You resist with some effort.
The zap hits the orc wizard.
The orc wizard is severely wounded.
The orc wizard mumbles some strange words.
The orc wizard flickers and vanishes!
Deactivating autopickup; reactivate with Ctrl-A.
The zap hits the gnoll.
The gnoll is heavily wounded.
A gnoll comes into view. It is wielding a +0 club.
Something hits you.
The zap hits the gnoll.
The gnoll is severely wounded.
The gnoll shouts!
You hear a shout!
A gnoll comes into view. It is wielding a +0 spear.
Something hits you but does no damage. The gnoll barely misses you.
The zap hits the gnoll.
The gnoll is almost dead.
Something hits you. The gnoll hits you with a +0 whip!
* * * LOW HITPOINT WARNING * * *
You are too injured to fight recklessly!
You are too injured to fight recklessly!
You are too injured to fight recklessly!
You are too injured to fight recklessly!
You are too injured to fight recklessly!
You are too injured to fight recklessly!
Unknown command.
You are too injured to fight recklessly!
Something hits you.
* * * LOW HITPOINT WARNING * * *
The gnoll hits you with a +0 whip.
You die...

#############
##.....#.....##
##.............##
#...............#
#...............#
#......@........#
#......{g.......#
#...............#
#....(..........#
##........g....##
##....g...)..##
##.............
#.......$...###
#.............


You could see 3 gnolls.

Vanquished Creatures
  3 adders
  A worm (D:2)
  A dart slug (D:2)
  3 orcs
  4 endoplasms
  2 giant cockroaches
  6 hobgoblins
  2 quokkas (D:1)
  4 ball pythons
  8 bats
  4 frilled lizards (D:1)
  6 kobolds
  4 rats (D:1)
48 creatures vanquished.

Notes
Turn   | Place    | Note
-------+----------+-------------------------------------------
     0 | D:1      | Pepete the Deep Elf Air Elementalist began the quest for
                  | the Orb.
     0 | D:1      | Reached XP level 1. HP: 10/10 MP: 6/6
  1165 | D:1      | Reached XP level 2. HP: 15/15 MP: 2/8
  2230 | D:2      | Reached XP level 3. HP: 19/19 MP: 2/10
  2518 | D:2      | Reached skill level 4 in Spellcasting
  3374 | D:2      | Found a faded altar of an unknown god.
  3591 | D:2      | Reached XP level 4. HP: 24/24 MP: 10/12
  3748 | D:3      | Reached skill level 5 in Spellcasting
  4266 | D:3      | Slain by a gnoll

Illustrated notes

Levels and vault maps discovered:
D:1:      elethiomel_arrival_infinity_welcomes_careful_drivers, layout_rooms
D:2:      kennysheep_six_static_rooms, layout_basic, basic_ecumenical_altar
D:3:      layout_rooms, nicolae_overflow_crystal_walls,
          mainiacjoe_overflow_tiny_flanked, minmay_overflow_temple_hex,
          uniq_ijyb

Skill      XL: |  1  2  3  4 |
---------------+-------------+-----
Conjurations   | 2 |  2.1
Spellcasting   | 4 5 |  5.2
Dodging        | |  2.4
Stealth        | |  2.4
Air Magic      | |  3.4

Action                     |  1- 3 |  4- 6 || total
---------------------------+-------+-------++-------
   Cast: Shock             |    80 |    25 ||   105
    Use: Potion            |       |     3 ||     3
 Armour: Robe              |       |     3 ||     3
         Skin              |       |     2 ||     2
  Dodge: Dodged            |     6 |     7 ||    13
